 Dungeon Sprint DCSS version 0.17-a0-1174-ge06b3cc (webtiles) character file.

328 nuthulu the Thaumaturge (level 6, -3/32 HPs)
             Began as a Deep Elf Summoner on May 29, 2015.
             Was a Follower of Sif Muna.
             Succumbed to Sonja's poison
             ... in the Dungeon (Sprint I: "Red Sonja").
             The game lasted 00:05:12 (823 turns).

nuthulu the Thaumaturge (Deep Elf Summoner)          Turns: 823, Time: 00:05:12

Health: -3/32      AC:  2    Str:  5    XL:     6   Next: 25%
Magic:  2/23       EV: 13    Int: 22    God:    Sif Muna [*.....]
Gold:   192        SH:  0    Dex: 15    Spells: 6 memorised, 13 levels left

rFire  . . .     SeeInvis .     (no weapon)
rCold  . . .     Clarity  .     a - +0 robe
rNeg   . . .     SustAt   .     (no shield)
rPois  .         Gourm    .     (no helmet)
rElec  .         Spirit   .     (no cloak)
rCorr  .         Warding  .     (no gloves)
rMut   .         NoTele   +     (no boots)
MR     .....                    (no amulet)
Stlth  ++........               (no ring)
                                (no ring)

@: lethally poisoned (-3 -> -56), very slightly contaminated, slowed, very slow,
not resistant to hostile enchantments, unstealthy
A: no striking features
a: Channel Energy, Renounce Religion


You were in the Dungeon.
You worshipped Sif Muna.
Sif Muna was aware of your devotion.
You were not hungry.

You visited 1 branch You collected 297 gold pieces.
You spent 105 gold pieces at shops.

Inventory:

Armour
 a - a +0 robe (worn)
Scrolls
 i - a scroll of blinking
Potions
 e - 2 potions of lignification {unknown}
 f - a potion of haste
 g - a potion of magic
 h - a potion of berserk rage
Books
 b - a book of Callings

   Spells                             Type                      Level
   a - Summon Small Mammal            Summoning                    1
   b - Call Imp                       Summoning                    2
   c - Call Canine Familiar           Summoning                    3
   d - Summon Guardian Golem          Hexes/Summoning              3
   e - Summon Lightning Spire         Summoning/Air                4
   f - Summon Ice Beast               Ice/Summoning                4
Comestibles
 c - a bread ration
 d - 6 chunks of flesh


   Skills:
 - Level 2.4 Dodging
 - Level 2.4 Stealth
 * Level 12.8 Spellcasting
 + Level 2.5 Hexes
 + Level 10.1 Summonings
 + Level 1.2 Ice Magic
 + Level 0.2 Air Magic


You had 13 spell levels left.
You knew the following spells:

 Your Spells              Type           Power        Failure   Level  Hunger
a - Summon Small Mammal   Summ           ####         1%          1    None
b - Call Imp              Summ           ######..     1%          2    None
c - Summon Guardian Gole  Hex/Summ       #####...     1%          3    None
d - Call Canine Familiar  Summ           ######..     1%          3    None
e - Summon Ice Beast      Ice/Summ       #####...     6%          4    None
f - Summon Lightning Spi  Summ/Air       #####...     8%          4    None


Dungeon Overview and Level Annotations

Branches:
Dungeon (1/1)

Altars:
Cheibriados
Dithmenos
Elyvilon
Fedhas
Gozag
Kikubaaqudgha
Makhleb
Nemelex Xobeh
Okawaru
Qazlal
Ru
Sif Muna
Trog
Vehumet
Xom
Yredelemnul
Zin
The Shining One
Jiyva

Shops:
D *

Annotations:
D Sonja


Message History

You feel extremely sick.
Your ice beast hits something.
Your ice beast freezes something!
You hear some strange, mumbled words.
There is a stormy altar of Qazlal here.
Char dumped successfully.
Unknown command.
* * * LOW HITPOINT WARNING * * *
You feel very sick. Something barely misses your ice beast.
Something hits your ice beast.
Your ice beast is poisoned.
Something completely misses your ice beast.
Your ice beast misses something.
Your ice beast completely misses something.
Something hits your ice beast. x2
Your ice beast looks even sicker.
Something hits your ice beast but does no damage.
Your ice beast barely misses something.
Your ice beast completely misses something.
Unknown command.
You die...

###################
#<.#).'..#..'..#__#
#..'.)#..'..#..'..+
#..#####'#####'#__#
#..####..#...#.# ##
#).#__####..##(#
#..#_..__##'#..+
#⌠⌠#_.∩.Y.YY.._#
####_...@##_.#+#
#_____###(# #######
#(# $.$ $.$# ##.##
#+#


You could see 3 friendly ice beasts.

Vanquished Creatures (collateral kills)
  A slime creature (D)
  Sigmund (D)
  A yak (D)
  An ogre (D)
  Ijyb (D)
  A jelly (D)
6 creatures vanquished.

Vanquished Creatures (others)
  A gargoyle (D)
  A crimson imp (D)
  An iron imp (D)
  A lightning spire (D)
  A white imp (D)
  2 quokkas (D)
  2 rats (D)
9 creatures vanquished.

Grand Total: 15 creatures vanquished

Notes
Turn   | Place    | Note
--------------------------------------------------------------
     0 | D        | nuthulu the Deep Elf Summoner began the quest for the Orb.
     0 | D        | Reached XP level 1. HP: 10/10 MP: 6/6
     1 | D        | Noticed Ijyb
    33 | D        | Killed Ijyb
    33 | D        | Reached skill level 6 in Summonings
    33 | D        | Reached XP level 2. HP: 15/15 MP: 1/9
    37 | D        | Learned a level 2 spell: Call Imp
    43 | D        | Killed a gargoyle
   113 | D        | Noticed an ogre
   134 | D        | Killed an ogre
   134 | D        | Reached skill level 7 in Summonings
   134 | D        | Reached XP level 3. HP: 19/19 MP: 0/13
   139 | D        | Learned a level 3 spell: Summon Guardian Golem
   244 | D        | Noticed Sigmund
   314 | D        | Killed Sigmund
   314 | D        | Reached skill level 9 in Spellcasting
   314 | D        | Reached skill level 1 in Hexes
   314 | D        | Reached XP level 4. HP: 16/24 MP: 2/17
   410 | D        | Learned a level 3 spell: Call Canine Familiar
   415 | D        | Learned a level 4 spell: Summon Ice Beast
   420 | D        | Learned a level 4 spell: Summon Lightning Spire
   485 | D        | Found a deep blue altar of Sif Muna.
   488 | D        | Noticed a jelly
   497 | D        | Found a snail-covered altar of Cheibriados.
   497 | D        | Found a shadowy altar of Dithmenos.
   498 | D        | Noticed a slime creature
   500 | D        | Killed a jelly
   500 | D        | Reached XP level 5. HP: 28/28 MP: 5/19
   501 | D        | Found a viscous altar of Jiyva.
   501 | D        | Found a blossoming altar of Fedhas.
   506 | D        | Killed a slime creature
   506 | D        | Reached skill level 11 in Spellcasting
   518 | D        | Found a radiant altar of Vehumet.
   525 | D        | Became a worshipper of Sif Muna the Loreminder
   632 | D        | Found Qif Hyn's Assorted Antiques.
   632 | D        | Found a white marble altar of Elyvilon.
   632 | D        | Found a stormy altar of Qazlal.
   632 | D        | Found a basalt altar of Yredelemnul.
   632 | D        | Found an iron altar of Okawaru.
   632 | D        | Found a sparkling altar of Nemelex Xobeh.
   632 | D        | Found a shimmering altar of Xom.
   632 | D        | Found an ancient bone altar of Kikubaaqudgha.
   632 | D        | Noticed a yak
   646 | D        | Killed a yak
   646 | D        | Acquired Sif Muna's first power
   646 | D        | Reached skill level 12 in Spellcasting
   646 | D        | Reached skill level 10 in Summonings
   646 | D        | Reached skill level 1 in Ice Magic
   646 | D        | Reached XP level 6. HP: 32/32 MP: 7/23
   729 | D        | Found a burning altar of Makhleb.
   729 | D        | Found a sacrificial altar of Ru.
   729 | D        | Found a glowing golden altar of the Shining One.
   729 | D        | Found an opulent altar of Gozag.
   729 | D        | Found a glowing silver altar of Zin.
   732 | D        | Found a bloodstained altar of Trog.
   736 | D        | Bought a potion of heal wounds for 105 gold pieces
   805 | D        | Noticed Sonja
   823 | D        | Succumbed to Sonja's poison

Vault maps used:
D:        dungeon_sprint_1

Action                   |  1- 3 |  4- 6 || total
-------------------------+-------+-------++-------
 Cast: Summon Small Mamm |    11 |       ||    11
       Call Imp          |    14 |       ||    14
       Summon Guardian G |     4 |       ||     4
       Call Canine Famil |       |     2 ||     2
       Summon Ice Beast  |       |     9 ||     9
       Summon Lightning  |       |     1 ||     1
Invok: Channel Energy    |       |     1 ||     1
  Use: Potion            |     3 |     1 ||     4
